 Dungeon Crawl Stone Soup version 0.28.0 (webtiles) character file.

Game seed: 1558085104770019052

311 hikkokomori the Shield-Bearer (level 6, -5/50 HPs)
             Began as a Formicid Fighter on Feb 9, 2022.
             Slain by an iguana (10 damage)
             ... on level 3 of the Dungeon.
             The game lasted 00:03:07 (2556 turns).

hikkokomori the Shield-Bearer (Formicid Fighter)    Turns: 2556, Time: 00:03:07

Health: -5/50      AC:  7    Str: 23    XL:     6   Next: 70%
Magic:  6/6        EV:  9    Int:  7    God:
Gold:   62         SH:  5    Dex: 10    Spells: 5/5 levels left

rFire   . . .      SeeInvis +   a - +0 quarterstaff
rCold   . . .      Faith    .   c - +0 buckler
rNeg    . . .      Spirit   .   b - +0 scale mail
rPois   .          Reflect  .   (helmet unavailable)
rElec   .          Harm     .   (no cloak)
rCorr   .          Rampage  .   (no gloves)
Will    .....                   (no boots)
Stlth   ..........              (no amulet)
HPRegen 0.16/turn               (no ring)
MPRegen 0.10/turn               (no ring)

@: no status effects
A: permanent stasis, dig shafts and tunnels, antennae 3, four strong arms
a: Dig, Shaft Self


You were on level 3 of the Dungeon.
You visited 1 branch of the dungeon, and saw 3 of its levels.

You collected 62 gold pieces.

Inventory:

Hand Weapons
 a - a +0 quarterstaff (weapon)
Missiles
 g - 15 poisoned darts
Armour
 b - a +0 scale mail (worn)
 c - a +0 buckler (worn)
Wands
 i - a wand of flame (4)
Scrolls
 d - a scroll of acquirement {unknown}
 e - 3 scrolls of identify {unknown}
 h - a scroll of summoning {unknown}
Potions
 f - a potion of heal wounds {unknown}
 j - a potion of curing {unknown}
 k - a potion of invisibility {unknown}
 l - a potion of mutation {unknown}


   Skills:
 + Level 4.8 Fighting
 + Level 3.7 Staves
 + Level 4.8 Armour
 - Level 5.0 Shields


You had 5 spell levels left.
You didn't know any spells.
Your spell library contained the following spells:

 Spells                   Type           Power      Damage    Failure   Level
 Magic Dart               Conj           0%         1d3       80%         1
 Call Imp                 Summ           0%         N/A       90%         2
 Mephitic Cloud           Conj/Pois/Air  0%         N/A       99%         3


Dungeon Overview and Level Annotations

Branches:
Dungeon (3/15)

Altars:
Vehumet


Innate Abilities, Weirdness & Mutations

You cannot be hasted, slowed, berserked, paralysed or teleported.
You can dig through walls and to a lower floor.
You have a pair of large antennae on your head. (SInv)
Your four strong arms can wield two-handed weapons with a shield.


Message History

You are too injured to fight recklessly!
You are too injured to fight recklessly!
You are too injured to fight recklessly!
You are too injured to fight recklessly!
You are too injured to fight recklessly!
You are too injured to fight recklessly!
You are too injured to fight recklessly!
You are too injured to fight recklessly!
You are too injured to fight recklessly!
You are too injured to fight recklessly!
You are too injured to fight recklessly!
You sock the bat!
You kill the bat!
The iguana bites you.
You hit the iguana but do no damage.
The iguana is lightly wounded.
You block the iguana's attack. The iguana bites you!
* * * LOW HITPOINT WARNING * * *
You hit the iguana but do no damage.
The iguana is lightly wounded.
The iguana bites you.
* * * LOW HITPOINT WARNING * * *
Press: ? - help, v - describe, . - travel
Here: an iguana (lightly wounded)
The floor.
Unknown command.
You barely miss the iguana.
The iguana is lightly wounded.
You block the iguana's attack.
You closely miss the iguana.
The iguana is lightly wounded.
The iguana bites you.
* * * LOW HITPOINT WARNING * * *
You hit the iguana.
The iguana is moderately wounded.
You block the iguana's attack.
You closely miss the iguana.
The iguana is moderately wounded.
The iguana bites you!
You die...

#.....)..######.
#...............
#..........#####
#...............
##.........#####
#.........#
#.........#
#..?......#
#..@......#
#..l......#
#....######
#....# #....#
#....# ######


You could see an iguana.

Vanquished Creatures
  Sigmund (D:2)
  An orc priest (D:3)
  Jessica (D:2)
  An orc wizard (D:2)
  An adder (D:2)
  3 dart slugs (D:1)
  6 orcs
  3 ball pythons
  4 endoplasms
  2 giant cockroaches
  7 goblins
  5 hobgoblins
  2 jackals
  4 kobolds
  9 bats
  2 frilled lizards
  2 rats (D:2)
54 creatures vanquished.

Notes
Turn   | Place    | Note
-------+----------+-------------------------------------------
     0 | D:1      | hikkokomori the Formicid Fighter began the quest for the
                  | Orb.
     0 | D:1      | Reached XP level 1. HP: 18/18 MP: 1/1
    59 | D:1      | Reached XP level 2. HP: 22/24 MP: 2/2
   535 | D:1      | Reached XP level 3. HP: 29/29 MP: 3/3
   588 | D:1      | Reached skill level 4 in Shields
  1120 | D:2      | Found a radiant altar of Vehumet.
  1122 | D:2      | Noticed Jessica
  1142 | D:2      | Killed Jessica
  1143 | D:2      | Reached XP level 4. HP: 27/36 MP: 4/4
  1694 | D:2      | Noticed Sigmund
  1707 | D:2      | Killed Sigmund
  1708 | D:2      | Reached skill level 5 in Shields
  1708 | D:2      | Reached XP level 5. HP: 21/43 MP: 5/5
  1708 | D:2      | Reached XP level 6. HP: 25/49 MP: 6/6
  2113 | D:2      | Found a faded altar of an unknown god.
  2556 | D:3      | Slain by an iguana

Illustrated notes

Levels and vault maps discovered:
D:1:      scummos_arrival_simple_fountains, layout_loops_cross, minivault_5,
          hangedman_decor_push
D:2:      layout_basic, basic_altar,
          dreamdust_ecumenical_altar_hidden_monk_grotto, uniq_sigmund,
          uniq_jessica
D:3:      layout_basic, corexii_corridor_pit

Skill      XL: |  1  2  3  4 |
---------------+-------------+-----
Shields        | 4 5 |  5.0
Armour         | 4 |  4.8
Fighting       | 4 |  4.8
Staves         | 3 |  3.7

Action                   |  1- 3 |  4- 6 || total
-------------------------+-------+-------++-------
Melee: Quarterstaff      |    66 |   106 ||   172
  Use: Potion            |       |     1 ||     1
Armor: Scale mail        |    32 |    68 ||   100
Dodge: Dodged            |    34 |    37 ||    71
Block: Buckler           |    15 |    27 ||    42
